AoeStats
← 宮古島

Arena

508098240Analyzed
2v2 RM · 13d ago on Sep 20, 2026· 14m 17s· 4 players
Game mode
Random Map
Map size
Medium (4 player)
Population
200
Speed
Normal
Resources
Standard
Victory
Conquest
Starting age
Dark Age
Ending age
Imperial Age
RankedLock teamsTeams togetherTeam positionsShared explorationLock speedFull tech treeHidden civsTurbo modeCheats
Victory
Defeat
🇸🇬 Armenians · Singapore
1780
+6
🇸🇬 Cumans · Singapore
1778
+6
🇲🇽 Maya · Mexico
1566
-6
🇧🇷 Portuguese · Brazil
1514
-6
宮古島
6:41 Loom
9:49 Feudal Age
10:02 Man-at-Arms
10:46 Long Swordsman
executable
6:33 Loom
9:23 Feudal Age
GAX | Dattatreyaa
3:07 Loom
10:44 Feudal Age
10:51 Man-at-Arms
GAX | ERV
0:28 Loom
11:20 Feudal Age
14:51 Castle Age
13:23 Fletching
Connection lost

Rejoining the realm…

Still unreachable

The connection could not be restored.

Session expired

The server has moved on; the page needs a fresh start.